 Seeded DCSS version 0.31-a0-208-gdb31a4691d (webtiles) character file.

Game seed: 11368340539538574604 (custom seed)

410 innerfire43 the Ducker (level 6, -13/47 HPs)
             Began as a Demonspawn Monk on June 28, 2023.
             Was a Follower of Uskayaw.
             Mangled by an ogre
             ... wielding a +0 giant club
              (35 damage)
             ... on level 4 of the Dungeon.
             The game lasted 00:02:46 (3201 turns).

innerfire43 the Ducker (Demonspawn Monk)            Turns: 3201, Time: 00:02:46

Health: -13/47     AC:  4    Str: 13    XL:     6   Next: 58%
Magic:  6/6        EV: 15    Int: 11    God:    Uskayaw [*.....]
Gold:   243        SH:  0    Dex: 16    Spells: 5/5 levels left

rFire   . . .        a - +0 mace
rCold   . . .        d - orb {light}
rNeg    . . .        b - +0 robe
rPois   .            (no helmet)
rElec   .            x - +0 cloak
rCorr   .            h - +0 pair of gloves
SInv    .            (no boots)
Will    .....        (no amulet)
Stlth   +            (no ring)
HPRegen 0.27/turn    (no ring)
MPRegen 0.10/turn

%: no passive effects
@: glowing
A: hooves 1, powered by death 1, spiny 1
a: Renounce Religion, Stomp


You were on level 4 of the Dungeon.
You worshipped Uskayaw.
Uskayaw was noncommittal.
You visited 2 branches of the dungeon, and saw 5 of its levels.

You collected 243 gold pieces.

Inventory:

Hand Weapons
 a - a +0 mace (weapon)
 w - a +2 quarterstaff of chaos
Missiles
 j - 2 throwing nets
Armour
 b - a +0 robe (worn)
 d - an orb of light (worn)
 h - a +0 pair of gloves (worn)
 q - a +0 plate armour
 x - a +0 cloak (worn)
Wands
 p - a wand of iceblast (6)
Scrolls
 e - a scroll of fog {unknown}
 i - a scroll of torment {unknown}
 k - 3 scrolls of teleportation {unknown}
 l - 4 scrolls of identify {unknown}
 m - a scroll of butterflies {unknown}
 r - a scroll of enchant weapon {unknown}
 s - a scroll of immolation {unknown}
 t - a scroll of blinking {unknown}
Potions
 c - a potion of ambrosia
 f - 2 potions of enlightenment {unknown}
 g - 2 potions of heal wounds {unknown}
 n - 2 potions of curing {unknown}
 o - a potion of magic {unknown}
 u - a potion of brilliance {unknown}
 v - 2 potions of mutation {unknown}


   Skills:
 - Level 3.0 Fighting
 + Level 4.4 Maces & Flails
 * Level 5.8 Dodging


You had 5 spell levels left.
You didn't know any spells.
Your spell library was empty.

Dungeon Overview and Level Annotations

Branches:
Dungeon (4/15)             Temple (1/1) D:4

Altars:
Ashenzari
Dithmenos
Fedhas
Hepliaklqana
Nemelex Xobeh
Okawaru
Ru
Trog
Uskayaw
Vehumet
Wu Jian
Xom
Yredelemnul

Shops:
D:1 ?


Innate Abilities, Weirdness & Mutations

You have large cloven feet.
You regenerate a little health from kills.
You are partially covered in sharp spines.


Message History

There is a white marble altar of Elyvilon here.
Done exploring.
Done exploring.
Done exploring.
Done exploring.
There is a radiant altar of Vehumet here.
There is a staircase back to the Dungeon here.
You climb upwards.
Welcome back to the Dungeon!
You hear the hiss of flowing sand.
There is an entrance to an ossuary on this level.
Hurry and find it before the portal is buried!
You hear the slow hiss of an avalanche of sand nearby.
There is a staircase to the Ecumenical Temple here.
No target in view!
l - 4 scrolls labelled YNTOSAMIUFF (gained 1)
A goblin comes into view. It is wielding a +0 dagger.
Found a stone staircase leading down.
The goblin shouts!
You hear an angry hiss.
The goblin moves out of view.
No target in view!
An ogre comes into view. It is wielding a +0 giant club.
The ogre shouts!
An iguana comes into view.
There are monsters nearby!
You closely miss the goblin. Your kick misses the goblin.
The goblin closely misses you.
There are monsters nearby!
You closely miss the goblin. You kick the goblin.
You kill the goblin!
There are monsters nearby!
The ogre hits you with a +0 giant club!!
Ouch! That really hurt!
There are monsters nearby!
You are too injured to fight recklessly!
You are too injured to fight recklessly!
There are monsters nearby!
You are too injured to fight recklessly!
You hit the ogre but do no damage.
The ogre hits you with a +0 giant club!!
Ouch! That really hurt!
You die...

..###.###.....# #..
..##.........# #..#.
..##.#......# ....
.....#.....## #..# .
..##...##...## ##...# .#
.#..#...#....+##....#..#
....#..###....#........#
...#............).....#
>...............@....##
..##............lO...#
.#..#...................
.#........##........>...
..#[......#####.........
.......##..# ##........
.##..... #.. .........
.. ...... #........ .


You could see an ogre and an iguana.

Vanquished Creatures
  Sigmund (D:3)
  Crazy Yiuf (D:3)
  Terence (D:3)
  Robin (D:3)
  4 gnolls
  7 adders
  A worm (D:2)
  2 dart slugs
  5 orcs
  10 ball pythons
  3 endoplasms
  3 giant cockroaches (D:2)
  11 goblins
  11 hobgoblins
  3 bats
  2 frilled lizards
  8 kobolds
  3 rats
77 creatures vanquished.

Notes
Turn   | Place    | Note
-------+----------+-------------------------------------------
     0 | D:1      | innerfire43 the Demonspawn Monk began the quest for the
                  | Orb.
     0 | D:1      | Reached XP level 1. HP: 18/18 MP: 1/1
   143 | D:1      | Found Voneorhazarph's Magic Scroll Emporium.
   153 | D:1      | Reached skill level 3 in Dodging
   205 | D:1      | Gained mutation: You have large cloven feet. [demonic
                  | ancestry]
   205 | D:1      | Reached XP level 2. HP: 21/24 MP: 2/2
   635 | D:1      | Reached XP level 3. HP: 27/29 MP: 3/3
  1232 | D:2      | Gained mutation: You are partially covered in sharp spines.
                  | [demonic ancestry]
  1232 | D:2      | Reached XP level 4. HP: 35/35 MP: 4/4
  1241 | D:2      | Reached skill level 4 in Dodging
  1349 | D:2      | Found a faded altar of an unknown god.
  1711 | D:3      | Noticed Robin
  1862 | D:3      | Killed Robin
  1968 | D:3      | Found a runed translucent door.
  1969 | D:3      | Noticed Crazy Yiuf
  2020 | D:3      | Reached XP level 5. HP: 41/41 MP: 5/5
  2208 | D:3      | Noticed Sigmund
  2226 | D:3      | Killed Sigmund
  2227 | D:3      | Reached skill level 5 in Dodging
  2227 | D:3      | Gained mutation: You regenerate a little health from kills.
                  | [demonic ancestry]
  2227 | D:3      | Reached XP level 6. HP: 17/47 MP: 6/6
  2597 | D:3      | Noticed Terence
  2604 | D:3      | Killed Terence
  2796 | D:3      | Killed Crazy Yiuf
  3003 | D:4      | Found a staircase to the Ecumenical Temple.
  3013 | Temple   | Entered the Ecumenical Temple
  3048 | Temple   | Became a worshipper of Uskayaw the Reveller
  3048 | Temple   | Reached * piety under Uskayaw
  3201 | D:4      | Mangled by an ogre

Illustrated notes

Levels and vault maps discovered:
D:1:      saegor_arrival_simple_a, layout_basic, serial_shops, shop
D:2:      layout_basic, shapermc_ecumenical_altar_mp_vishouse
D:3:      layout_loops_ring, minmay_snake_closets, uniq_terence, uniq_robin,
          uniq_sigmund, uniq_crazy_yiuf_cottage
D:4:      layout_cave_pools, gammafunk_temple_overflow_statue,
          minmay_temple_entry_mini_moons, enter_ossuary_5, minmay_door_square,
          patterned_corridor, uniq_eustachio, uniq_ijyb
Temple:   nicolae_temple_superstar

Skill      XL: |  1  2  3  4  5 |
---------------+----------------+-----
Dodging        | 3 4 5 |  5.8
Maces & Flails | 3 4 |  4.4
Fighting       | |  3.0

Action                     |  1- 3 |  4- 6 || total
---------------------------+-------+-------++-------
  Melee: Mace              |    66 |    85 ||   151
         Kick              |    13 |    23 ||    36
 Armour: Robe              |     7 |    10 ||    17
  Dodge: Dodged            |    51 |    71 ||   122

Table legend: (Time is in decaauts)
 A = Elapsed time spent in this place.
 B = Non-inter-level travel time spent in this place.
 C = Inter-level travel time spent in this place.
 D = Time resting spent in this place.
 E = Time spent auto-exploring this place.
 F = Levels seen in this place.
 G = Mean time per level.
                   A        B        C        D        E       F      G
               +--------+--------+--------+--------+--------+-----+--------+
         Total |   3223 |   3074 |    149 |      0 |   2584 |   5 |  644.6 |
       Dungeon |   3058 |   2941 |    117 |      0 |   2494 |   4 |  764.5 |
        Temple |    164 |    132 |     32 |      0 |     90 |   1 |  164.0 |
               +--------+--------+--------+--------+--------+-----+--------+

Top non-repeatable levels by time:
     D:3: 1088 daAuts
     D:2: 1040 daAuts
     D:1: 829 daAuts
  Temple: 164 daAuts
     D:4: 99 daAuts
